 Dungeon Crawl Stone Soup version 0.27.0-1-g7a089689b8 (webtiles) character file.

Game seed: 14149265694311941725

1902 freelancePsychic the Magician (level 9, 0/66 HPs)
             Began as a Djinni Hedge Wizard on Aug 3, 2021.
             Slain by a killer bee (6 damage)
             ... on level 9 of the Dungeon.
             The game lasted 00:13:21 (9287 turns).

freelancePsychic the Magician (Djinni Hedge Wizard) Turns: 9287, Time: 00:13:22

Health: 0/66       AC:  9    Str:  9    XL:     9   Next: 38%
Gold:   226        EV: 12    Int: 20    God:
                   SH:  0    Dex: 12

rFire    + + .     SeeInvis .   b - +2 dagger (venom)
rCold    . . .     Faith    .   (no shield)
rNeg     . . .     Spirit   .   m - +0 robe
rPois    ∞         Reflect  .   c - +0 hat
rElec    .         Harm     .   i - +1 cloak
rCorr    .         Rampage  .   f - +0 pair of gloves
Will     .....                  (boots unavailable)
Stlth    ++........             (no amulet)
HPRegen  0.21/turn              d - ring of protection from cold
MPRegen  0.00/turn              k - +4 ring of protection

@: flying, very slightly contaminated
A: sickness immunity, fire resistance 2, cold vulnerability 1, float, innate
caster, hp casting, extra vitality 1
a: no special abilities


You were on level 9 of the Dungeon.
You visited 1 branch of the dungeon, and saw 8 of its levels.

You collected 226 gold pieces.

Inventory:

Hand Weapons
 a - a +5 short sword
 b - a +2 dagger of venom (weapon)
 h - a +0 dagger
Armour
 c - a +0 hat (worn)
 f - a +0 pair of gloves (worn)
 i - a +1 cloak (worn)
 m - a +0 robe (worn)
 y - a +0 buckler
Magical Staves
 v - a staff of air
Jewellery
 d - a ring of protection from cold (left hand)
 k - a +4 ring of protection (right hand)
 p - a ring of positive energy
 t - a +4 ring of evasion
Wands
 r - a wand of iceblast (6)
Scrolls
 o - 2 scrolls of vulnerability
 u - a scroll of silence
Potions
 e - a potion of might {unknown}
 g - 2 potions of degeneration {unknown}
 j - 2 potions of curing {unknown}
 l - 2 potions of haste {unknown}
 q - a potion of magic {unknown}
 s - a potion of mutation {unknown}
 x - 2 potions of heal wounds {unknown}


   Skills:
 + Level 5.7 Fighting
 - Level 2.6 Short Blades
 - Level 2.1 Dodging
 + Level 4.2 Stealth
 * Level 6.9 Spellcasting


You couldn't memorise any spells.
You knew the following spells:

 Your Spells              Type           Power      Damage    Failure   Level
a - Magic Dart            Conj           100%       1d8       1%          1
b - Blink                 Tloc           N/A        N/A       1%          2
c - Call Imp              Summ           34%        N/A       1%          2
d - Slow                  Hex            34%        N/A       1%          2
e - Mephitic Cloud        Conj/Pois/Air  34%        N/A       1%          3
f - Conjure Flame         Conj/Fire      34%        6-21      1%          3
g - Corona                Hex            37%        N/A       1%          1
h - Ensorcelled Hibernat  Hex/Ice        68%        N/A       1%          2
i - Swiftness             Air            34%        N/A       1%          3
j - Passage of Golubria   Tloc           N/A        N/A       5%          4
Your spell library was empty.

Dungeon Overview and Level Annotations

Branches:
Dungeon (9/15)
 Temple: D:4-7         Lair: D:8-11         Orc: D:9-12

Altars:
Fedhas
Okawaru
The Shining One

Shops:
D:1 !

Annotations:
D:2 Natasha


Innate Abilities, Weirdness & Mutations

You are immune to sickness and miasma.
You are immune to poison.
Your flesh is very heat resistant. (rF++)
You are vulnerable to cold. (rC-)
You float through the air rather than walking.
You learn spells naturally, not from books.
Your magical power is your life essence.
You have superior vitality. (+4 HP)


Message History

You miscast Mephitic Cloud.
You are very lightly contaminated with residual magic.
Nothing appears to happen.
* * * LOW HITPOINT WARNING * * *
The killer bee barely misses you. The killer bee misses you.
Casting: Mephitic Cloud (safe; 1% risk of failure)
Confirm with . or Enter, or press ? or * to list all spells.
Aiming: Mephitic Cloud (safe; 1% risk of failure)
Press: ? - help, Shift-Dir - straight line, f/p - killer bee
Aim: a killer bee (moderately wounded, not susceptible)
The ball explodes into a vile cloud!
The stinking cloud engulfs the killer bee but does no damage.
The killer bee is moderately wounded.
The stinking cloud engulfs you but does no damage.
* * * LOW HITPOINT WARNING * * *
You hear an angry buzzing noise. x3
The killer bee is engulfed in noxious fumes.
The killer bee closely misses you.
The killer bee is engulfed in noxious fumes.
The killer bee appears confused.
You closely miss the killer bee.
The killer bee is heavily wounded.
The killer bee is engulfed in noxious fumes.
The killer bee appears confused.
The killer bee buzzes around in tight circles.
The killer bee stings you.
* * * LOW HITPOINT WARNING * * *
The killer bee is engulfed in noxious fumes.
You closely miss the killer bee.
The killer bee is heavily wounded.
The killer bee is engulfed in noxious fumes.
The killer bee stings you but does no damage.
The killer bee stings you.
* * * LOW HITPOINT WARNING * * *
You closely miss the killer bee.
The killer bee is heavily wounded.
The killer bee is engulfed in noxious fumes.
The killer bee appears confused.
The killer bee misses you. The killer bee stings you.
You die...

#.# #.# .# #.# #.# .#
#.### #.# #.# #...# #.#
#.# ####...# #.# #..
#####...○°.#####.#####..
#......y○○...>..........
.......@○°.............#
..###.##y####....(......
.. ...# ####.#####.#
###.##.# .......... ..
... .........#.# # #.#
#.......#.#.. #.#
##.##.#.# ### .# #.
#.#.# # # #.... #


You could see 2 killer bees.

Vanquished Creatures
  A deep elf pyromancer (D:8)
  Prince Ribbit (D:7)
  An ice beast (D:7)
  3 sky beasts
  A necrophage (D:4)
  An orc warrior (D:7)
  A phantom (D:6)
  A kobold brigand (D:6)
  3 bullfrogs (D:7)
  2 killer bees (D:9)
  A centaur skeleton (D:6)
  Natasha (D:2)
  3 orc wizards
  4 gnolls (D:3)
  5 adders
  A white imp (D:6)
  2 worms
  A dart slug (D:3)
  31 orcs
  4 ball pythons
  4 endoplasms
  4 giant cockroaches
  6 goblins
  3 hobgoblins
  4 jackals (D:2)
  2 quokkas
  5 bats
  A frilled lizard (D:1)
  11 kobolds
  6 rats
114 creatures vanquished.

Vanquished Creatures (collateral kills)
  A howler monkey (D:9)
  A kobold (D:6)
2 creatures vanquished.

Vanquished Creatures (others)
  An electric eel (D:9)
1 creature vanquished.

Grand Total: 117 creatures vanquished

Notes
Turn   | Place    | Note
-------+----------+-------------------------------------------
     0 | D:1      | freelancePsychic the Djinni Hedge Wizard began the quest
                  | for the Orb.
     0 | D:1      | Reached XP level 1. HP: 15/15 MP: 0/0
   136 | D:1      | Found a faded altar of an unknown god.
   376 | D:1      | Reached XP level 2. HP: 11/22 MP: 0/0
   520 | D:1      | Found Qomasir's Distillery.
   989 | D:2      | Reached skill level 1 in Fighting
  1471 | D:2      | Noticed Natasha
  1480 | D:2      | Killed Natasha
  1481 | D:2      | Reached skill level 3 in Spellcasting
  1481 | D:2      | Reached XP level 3. HP: 2/27 MP: 0/0
  1481 | D:2      | Learned a level 1 spell: Corona
  1772 | D:2      | Reached XP level 4. HP: 29/33 MP: 0/0
  2128 | D:2      | Noticed Natasha
  2741 | D:3      | Reached XP level 5. HP: 32/38 MP: 0/0
  2741 | D:3      | Learned a level 2 spell: Ensorcelled Hibernation
  3096 | D:3      | Reached skill level 1 in Short Blades
  3198 | D:3      | Noticed a sky beast
  3501 | D:4      | Noticed a necrophage
  3866 | D:3      | Killed a sky beast
  3867 | D:3      | Reached skill level 4 in Spellcasting
  3867 | D:3      | Reached XP level 6. HP: 12/45 MP: 0/0
  4607 | D:4      | Killed a necrophage
  5056 | D:4      | Reached XP level 7. HP: 48/50 MP: 0/0
  5056 | D:4      | Learned a level 3 spell: Swiftness
  5455 | D:4      | Found an iron altar of Okawaru.
  5498 | D:4      | You are sucked into a shaft and drop 2 floors!
  5935 | D:6      | Reached skill level 5 in Spellcasting
  6532 | D:6      | Found a glowing golden altar of the Shining One.
  7070 | D:7      | Found a blossoming altar of Fedhas.
  7123 | D:6      | Reached XP level 8. HP: 50/58 MP: 0/0
  7746 | D:7      | Noticed Prince Ribbit
  7756 | D:7      | Killed Prince Ribbit
  7757 | D:7      | Reached skill level 6 in Spellcasting
  7965 | D:7      | Reached skill level 5 in Fighting
  8916 | D:8      | Noticed a deep elf pyromancer
  8918 | D:8      | Noticed a fire elemental
  8919 | D:8      | Noticed a fire elemental
  8919 | D:8      | Noticed a fire elemental
  8919 | D:8      | Noticed a fire elemental
  8945 | D:8      | Killed a deep elf pyromancer
  8946 | D:8      | Reached XP level 9. HP: 13/65 MP: 0/0
  8946 | D:8      | Learned a level 4 spell: Passage of Golubria
  9287 | D:9      | Slain by a killer bee

Illustrated notes

Levels and vault maps discovered:
D:1:      mrwooster_arrival_statue, layout_rooms, serial_shops,
          nicolae_lakefront_shop, basic_ecumenical_altar,
          hangedman_decor_growths, serial_bayou_pond_e, minivault_14
D:2:      layout_loops_corners, uniq_natasha
D:3:      layout_basic, grunt_decor_fettered
D:4:      layout_basic, okawaru_metal_pillars_1_2
D:6:      layout_loops_cross, lemuel_coloured_pillars_altar, tso_oasis_becter
D:7:      layout_basic, lemuel_tele_altar, uniq_prince_ribbit1
D:8:      layout_basic, guppyfry_early_elven_hall
D:9:      minmay_bloctagon_deflated, layout_basic, kennysheep_slug_shrine,
          amcnicky_mini_corridor_feature

Skill      XL: |  1  2  3  4  5  6  7  8 |
---------------+-------------------------+-----
Fighting       | 1 2 3 4 5 |  5.7
Spellcasting   | 3 4 5 6 |  6.9
Short Blades   | 1 2 |  2.6
Stealth        | 2 4 |  4.2
Dodging        | |  2.1

Action                   |  1- 3 |  4- 6 |  7- 9 || total
-------------------------+-------+-------+-------++-------
Melee: Short sword       |    10 |    93 |    33 ||   136
       Dagger            |       |    40 |   129 ||   169
 Cast: Magic Dart        |    42 |     7 |    14 ||    63
       Mephitic Cloud    |       |    14 |    12 ||    26
       Ensorcelled Hiber |       |    28 |    35 ||    63
       Call Imp          |       |     4 |     9 ||    13
       Conjure Flame     |       |       |     1 ||     1
       Swiftness         |       |       |     1 ||     1
  Use: Scroll            |     3 |     5 |     6 ||    14
 Stab: Sleeping          |       |    19 |    16 ||    35
       Confused          |       |     2 |     3 ||     5
Armor: Robe              |     2 |    25 |    46 ||    73
Dodge: Dodged            |    11 |    85 |    94 ||   190
